 Dungeon Crawl Stone Soup version 0.30-a0-339-g89bb51ec76 (webtiles) character file.

Game seed: 13541855917816153520

1 Lanoc the Charlatan (level 1, -1/16 HPs)
             Began as a Meteoran Artificer on Nov 1, 2022.
             Slain by an endoplasm (3 damage)
             ... on level 1 of the Dungeon.
             The game lasted 00:00:17 (64 turns).

Lanoc the Charlatan (Meteoran Artificer)              Turns: 64, Time: 00:00:18

Health: -1/16      AC:  3    Str: 13    XL:     1   Next: 28%
Magic:  2/2        EV: 11    Int: 12    God:
Gold:   15         SH:  0    Dex: 14    Spells: 0/0 levels left

rFire   . . .      SeeInvis .    a - +0 club
rCold   . . .      Faith    .    (no shield)
rNeg    . . .      Spirit   .    b - +0 leather armour
rPois   .          Reflect  .    (no helmet)
rElec   .          Harm     .    (no cloak)
rCorr   .          Rampage  .    (no gloves)
Will    .....                    (no boots)
Stlth   +.........               (no amulet)
HPRegen 0.22/turn                (no ring)
MPRegen 0.08/turn                (no ring)

@: glowing
A: sense surroundings 1, otherworldly, glowing, explore regen
a: no special abilities


You were on level 1 of the Dungeon.
You visited 1 branch of the dungeon, and saw 1 of its levels.

You collected 15 gold pieces.

Inventory:

Hand Weapons
 a - a +0 club (weapon)
Armour
 b - a +0 leather armour (worn)
Wands
 c - a wand of flame (15) (quivered)
 d - a wand of charming (15)
 e - a wand of iceblast (5)
Scrolls
 g - a scroll of torment {unknown}
Potions
 f - a potion of ambrosia {unknown}


   Skills:
 + Level 1.1 Fighting
 + Level 2.4 Armour
 + Level 1.2 Dodging
 - Level 0.6 Stealth
 * Level 3.6 Evocations


You couldn't memorise any spells.
You didn't know any spells.
Your spell library was empty.

Dungeon Overview and Level Annotations

Branches:
Dungeon (1/15) Zot: 528

Altars:


Innate Abilities, Weirdness & Mutations

You passively map a small area around you.
You are easily found by Zot.
You glow in the dark.
You regain HP and MP as you explore.


Message History

You barely miss the bat. The bat closely misses you. The bat barely misses you.
The bat hits you.
You barely miss the bat. The bat hits you but does no damage.
The bat barely misses you. The endoplasm barely misses you.
You hit the endoplasm.
The endoplasm is moderately wounded.
The bat hits you. The endoplasm barely misses you.
You barely miss the endoplasm.
The endoplasm is moderately wounded.
The bat closely misses you. The endoplasm hits you.
You barely miss the endoplasm.
The endoplasm is moderately wounded.
The bat hits you. The endoplasm freezes you.
You are frozen.
The endoplasm hits you but does no damage.
You hit the endoplasm.
The endoplasm is heavily wounded.
The bat hits you.
The endoplasm hits you but does no damage.
You completely miss the endoplasm.
The endoplasm is heavily wounded.
The bat closely misses you. The bat hits you but does no damage.
The endoplasm freezes you.
You are frozen.
You are too injured to fight recklessly!
You are too injured to fight recklessly!
You are too injured to fight recklessly!
The endoplasm hits you. The bat hits you but does no damage.
You hit the endoplasm.
The endoplasm is heavily wounded.
The bat hits you but does no damage. The endoplasm hits you.
The bat barely misses you. The endoplasm hits you.
* * * LOW HITPOINT WARNING * * *
You hit the endoplasm but do no damage.
The endoplasm is heavily wounded.
The bat hits you.
* * * LOW HITPOINT WARNING * * *
The endoplasm hits you.
You die...

#...##### *
#...#...#, ##.## ,,
##.###.⌠.###......
*
...#.......#....##
* ,
##.'.⌠.<.⌠.+.....##
**
##.#.......#......
#.###.⌠.###.# #.#
**
#...#...#...###J#
##...#####......@#
#............b#..#
...†.######...#..#
.....#### #.#.#..#
* **
..............#..#
*
.....###..........*
.....# #.######.#..
~~~ ~ ...### #.
#.#.# ...#* *# .


You could see an endoplasm and a bat.

Vanquished Creatures
  A bat (D:1)
1 creature vanquished.

Notes
Turn   | Place    | Note
-------+----------+-------------------------------------------
     0 | D:1      | Lanoc the Meteoran Artificer began the quest for the Orb.
     0 | D:1      | Reached XP level 1. HP: 16/16 MP: 2/2
    64 | D:1      | Slain by an endoplasm

Illustrated notes

Levels and vault maps discovered:
D:1:      dpeg_arrival_simpleton_c, layout_loops_ring,
          chequers_ecumenical_altar_island

Action                   || total
-------------------------++-------
Melee: Club              ||    21
Armor: Leather armour    ||    16
Dodge: Dodged            ||    26

Table legend: (Time is in decaauts)
 A = Elapsed time spent in this place.
 B = Non-inter-level travel time spent in this place.
 C = Inter-level travel time spent in this place.
 D = Time resting spent in this place.
 E = Time spent auto-exploring this place.
 F = Levels seen in this place.
 G = Mean time per level.
                   A        B        C        D        E       F      G
               +--------+--------+--------+--------+--------+-----+--------+
         Total |     70 |     70 |      0 |      0 |     29 |   1 |   70.0 |
       Dungeon |     70 |     70 |      0 |      0 |     29 |   1 |   70.0 |
               +--------+--------+--------+--------+--------+-----+--------+

Top non-repeatable levels by time:
     D:1: 70 daAuts
